Map: Ruins of Seras

Players

thack - Winner!

  • Race: Zerg Zerg
  • League: Platinum

lllililiIIiI

  • Race: Terran Terran
  • League: Platinum

VOD

Have the link to the VOD?

Description

Time

  • Played on: Feb. 28, 2016, 12:19 p.m.
  • Length: 19:22
Show
View Real Time Build Order
Export as new Build Order

thack Zerg - Winner!

Build Orders: Pool First 

Get SALT Encoding   

  12  0:01  Drone  
  13  0:13  Overlord  
  13  0:18  Drone  
  14  0:25  Drone, Extractor  
  15  0:36  Drone  
  15  0:37  Drone  
  17  0:48  Spawning Pool  
  16  0:50  Extractor  
  16  0:52  Drone  
  16  0:59  Drone  
  17  1:14  Drone  
  18  1:23  Hatchery  
  17  1:33  Drone x2  
  19  1:42  Queen  
  21  1:49  Overlord  
  21  1:57  Metabolic Boost  
  21  2:00  Zergling x2  
  22  2:07  Zergling x2  
  23  2:18  Zergling x2  
  24  2:30  Zergling x2  
  24  2:34  Lair  
  24  2:35  Queen  
  27  2:37  Drone  
  27  3:08  Drone x2  
  27  3:09  Drone  
  30  3:29  Drone  
  30  3:30  Queen  
  30  3:32  Overlord  
  30  3:33  Drone x2  
  35  3:39  Roach Warren  
  32  3:53  Zergling x6  
  35  3:56  Drone x3  
  38  4:12  Spine Crawler, Hatchery  
  38  4:13  Drone x2  
  38  4:14  Drone  
  39  4:18  Infestation Pit  
  39  4:22  Extractor  
  37  4:24  Extractor  
  37  4:28  Extractor  
  37  4:30  Drone  
  37  4:31  Drone x5  
  40  4:34  Drone  
  42  4:38  Overlord  
  42  5:00  Drone  
  42  5:01  Drone x4  
  47  5:10  Hive  
  47  5:12  Drone x4  
  51  5:19  Overlord  
  51  5:21  Overlord  
  51  5:28  Evolution Chamber  
  51  5:30  Evolution Chamber  
  49  5:44  Queen  
  49  5:45  Drone x2  
  49  5:49  Pathogen Glands  
  53  5:54  Zerg Melee Weapons Level 1  
  53  5:56  Zerg Ground Armor Level 1  
  53  5:59  Zergling x2  
  53  6:00  Zergling x6  
  57  6:06  Drone x2  
  59  6:23  Ultralisk Cavern  
  59  6:24  Overlord x3  
  58  6:26  Drone x2  
  58  6:32  Zergling x4  
  62  6:33  Zergling x4  
  62  6:39  Roach x3  
  62  6:54  Roach x4  
  66  7:15  Roach x4  
  48  7:28  Zergling x16  
  48  7:29  Zergling x2  
  54  7:33  Ultralisk  
  60  7:43  Zergling x8  
  53  8:03  Hatchery  
  52  8:16  Queen  
  54  8:35  Infestor x2  
  58  8:42  Chitinous Plating  
  50  9:07  Zerg Melee Weapons Level 2  
  42  9:37  Queen  
  42  9:38  Queen  
  44  9:39  Drone x2  
  48  10:04  Ultralisk  
  33  10:36  Zergling x4  
  33  10:37  Zergling x8  
  33  10:39  Zergling x2  
  33  10:40  Zergling x12  
  44  11:05  Queen  
  44  11:07  Roach x3  
  52  11:29  Ravager x2  
  52  11:31  Ravager  
  53  11:33  Zerg Ground Armor Level 2  
  53  11:37  Drone x2  
  55  11:47  Drone  
  56  12:01  Queen  
  56  12:05  Overlord  
  58  12:11  Drone x2  
  60  12:28  Hatchery  
  59  12:32  Zerg Melee Weapons Level 3  
  59  12:57  Drone x3  
  59  12:58  Drone  
  61  13:18  Ultralisk x2  
  73  13:27  Spire  
  72  13:43  Adrenal Glands  
  72  13:52  Infestor x2  
  72  13:53  Infestor  
  77  14:06  Zergling x8  
  77  14:09  Zergling x6  
  85  14:10  Zergling x2  
  76  15:18  Hatchery  
  66  15:30  Hatchery  
  54  15:37  Queen  
  54  15:38  Drone  
  54  15:39  Drone x6  
  63  15:46  Overlord, Mutalisk x2  
  63  15:47  Mutalisk x4  
  63  15:54  Roach  
  65  15:58  Mutalisk  
  67  16:12  Zerg Flyer Weapons Level 1  
  67  16:14  Mutalisk  
  69  16:37  Zergling x10  
  69  16:38  Zergling x4  
  76  16:57  Infestor x2  
  76  17:12  Zergling x2  
  76  17:13  Zergling x14  
  76  17:14  Zergling x6  
  88  17:22  Zergling x2  
  88  17:23  Zergling x4  
  90  17:48  Queen  
  92  17:55  Zergling x6, Extractor  
  92  17:56  Extractor  
  93  18:07  Ravager  
  93  18:08  Roach x3  
  93  18:12  Viper  
  103  18:15  Viper  
  99  18:56  Zergling x6  
Show
View Real Time Build Order
Export as new Build Order

lllililiIIiI Terran 

Build Orders: MMM Bio 

Get SALT Encoding   

  12  0:02  SCV  
  13  0:15  SCV  
  13  0:18  Supply Depot  
  14  0:28  SCV  
  15  0:40  SCV  
  15  0:41  Barracks  
  16  0:47  Refinery  
  16  0:52  SCV  
  17  1:04  SCV  
  18  1:16  SCV  
  19  1:30  Orbital Command  
  20  1:32  Reaper  
  20  1:57  Command Center  
  20  2:04  SCV  
  20  2:07  Command Center  
  21  2:16  SCV  
  21  2:17  Barracks Reactor  
  22  2:24  Barracks  
  22  2:32  SCV  
  23  2:41  Refinery  
  23  2:44  Factory  
  23  2:55  Supply Depot  
  23  3:04  Marine  
  23  3:17  Marine, SCV  
  25  3:22  Marine  
  25  3:23  Marine  
  25  3:30  Hellion  
  27  3:34  Marine  
  28  3:54  Bunker  
  28  4:01  Barracks Tech Lab  
  28  4:08  Orbital Command  
  28  4:09  Barracks Reactor  
  28  4:14  SCV  
  29  4:21  Stimpack, Marine  
  30  4:26  SCV  
  30  4:28  Hellion  
  30  4:29  Hellion  
  35  4:34  Refinery  
  35  4:37  SCV  
  36  4:38  SCV  
  36  4:39  Marine  
  38  4:46  Marine  
  38  4:47  Marine  
  38  4:50  Starport  
  36  4:57  Marine  
  37  5:01  Hellion  
  37  5:02  Armory  
  37  5:04  Hellion  
  41  5:13  SCV  
  42  5:14  Bunker  
  42  5:16  SCV  
  43  5:21  Marine  
  43  5:22  Marine x2  
  46  5:32  Supply Depot  
  46  5:45  Supply Depot  
  46  5:46  Medivac, Hellion, SCV  
  51  6:02  Marauder, Marine x2  
  55  6:04  Hellion  
  57  6:16  Medivac  
  59  6:20  Marine  
  60  6:36  Marauder, Marine  
  60  6:38  Marine  
  64  6:41  Barracks, SCV  
  65  6:51  Hellion x2  
  62  6:54  Marine  
  62  6:55  Marine  
  62  6:58  Marauder  
  64  7:06  Orbital Command  
  42  7:44  Supply Depot  
  42  7:49  Supply Depot, Liberator  
  40  8:00  Marauder, Marine x2  
  40  8:03  Hellion  
  46  8:06  Hellion  
  51  8:13  Supply Depot  
  51  8:30  Marauder, Marine x2  
  51  8:32  Hellion  
  57  8:35  SCV  
  57  8:40  SCV  
  59  8:42  Combat Shields  
  59  8:48  Marine x2  
  56  9:04  Liberator  
  56  9:12  Marauder, Marine x2  
  56  9:14  Hellion x2  
  64  9:30  Marine  
  65  9:33  Marine  
  64  9:45  Marine  
  65  9:46  Hellion  
  65  9:47  Hellion  
  65  9:48  Marine  
  70  10:02  Supply Depot  
  70  10:04  Barracks  
  70  10:12  Barracks  
  70  10:24  Marauder, Marine  
  70  10:26  Liberator  
  48  10:38  Marine  
  48  10:40  Hellion x2  
  48  10:42  Marine  
  54  10:46  Marauder  
  54  10:49  SCV x2  
  61  10:55  Marine  
  61  10:56  Marine  
  52  10:59  Marine  
  49  11:07  Marine  
  50  11:18  Bunker  
  50  11:20  Liberator  
  50  11:34  Marauder, Marine x3  
  50  11:35  Marine  
  50  11:37  Hellion x2  
  63  11:41  SCV x2  
  62  11:53  SCV x2  
  64  12:00  Barracks Tech Lab  
  64  12:02  Barracks Tech Lab  
  64  12:03  Concussive Shells  
  64  12:05  Marauder, Marine x2  
  64  12:07  Hellion x2  
  72  12:10  Barracks Reactor  
  72  12:20  Medivac  
  74  12:36  SCV  
  74  12:37  SCV  
  76  12:38  Engineering Bay x2  
  76  12:41  Command Center  
  76  12:45  Marauder  
  78  12:58  Supply Depot  
  78  13:01  Supply Depot  
  78  13:12  Marine x2  
  78  13:13  SCV  
  78  13:16  Terran Infantry Weapons Level 1  
  78  13:17  Terran Infantry Armor Level 1  
  78  13:19  Marine  
  78  13:24  SCV  
  78  13:25  SCV  
  81  13:32  Marauder, Marine x4  
  87  13:34  Medivac x2  
  87  13:37  Marine  
  92  14:01  Marauder, Marine x5  
  99  14:10  Barracks x2  
  91  14:34  Marauder, Marine x5  
  91  14:35  Medivac  
  91  14:36  Medivac  
  65  15:04  Marine x2  
  65  15:05  Marauder x2, Marine x2  
  73  15:07  Barracks Tech Lab  
  73  15:09  Barracks Tech Lab  
  73  15:11  Ghost Academy  
  73  15:22  Marine x2  
  59  15:46  Marauder, Marine x5  
  61  15:51  Ghost x2  
  63  16:03  Planetary Fortress  
  53  17:03  Marauder, Marine x3  
  53  17:05  Ghost x2, Marine x2  
  64  17:22  Ghost  
  63  17:24  Ghost  
  67  17:42  Missile Turret  
  67  17:43  Orbital Command  
  67  17:44  Missile Turret  
  66  17:50  Ghost  
  66  17:51  Marine x3  
  70  17:52  Marine  
  71  18:13  SCV  
  71  18:17  Ghost  
  74  18:23  Ghost  
  74  18:25  SCV  
  77  18:31  SCV  
  77  18:32  SCV  
  79  18:41  Ghost  
  79  18:42  Ghost  
  79  18:43  Marine x3  
Tags
 
Add a new tag
Caveats
  • Supply blocks, unpowered buildings, or Contaminate may cause inaccurate times.
  • Supply counts are checked every 10 seconds.